 Dungeon Crawl Stone Soup version 0.27.1-1-g398f81649c (webtiles) character file.

Game seed: 5861403248752452895

366 r3algoood the Skirmisher (level 6, -1/56 HPs)
             Began as a Hill Orc Fighter on Sept 10, 2021.
             Killed from afar by an orc wizard (4 damage)
             ... with a puff of flame
             ... on level 4 of the Dungeon.
             The game lasted 00:05:39 (4945 turns).

r3algoood the Skirmisher (Hill Orc Fighter)         Turns: 4945, Time: 00:05:40

Health: -1/56      AC:  1    Str: 21    XL:     6   Next: 68%
Magic:  6/6        EV:  7    Int:  8    God:
Gold:   166        SH:  9    Dex: 10    Spells: 5/5 levels left

rFire    . . .     SeeInvis .   a - +0 war axe
rCold    . . .     Faith    .   c - +0 kite shield
rNeg     . . .     Spirit   .   b - +0 scale mail
rPois    .         Reflect  .   n - +0 helmet
rElec    .         Harm     .   r - +0 cloak
rCorr    .         Rampage  .   (no gloves)
Will     .....                  (no boots)
Stlth    ..........             (no amulet)
HPRegen  0.18/turn              (no ring)
MPRegen  0.10/turn              (no ring)

@: about to teleport, corroded
A: no striking features
a: no special abilities


You were on level 4 of the Dungeon.
You visited 1 branch of the dungeon, and saw 4 of its levels.

You collected 166 gold pieces.

Inventory:

Hand Weapons
 a - a +0 war axe (weapon)
Armour
 b - a +0 scale mail (worn)
 c - a +0 kite shield (worn)
 n - a +0 helmet (worn)
 r - a +0 cloak (worn)
Wands
 q - a wand of flame (13)
 s - a wand of mindburst (13)
Scrolls
 h - a scroll of noise {unknown}
 i - a scroll of fear {unknown}
 j - a scroll of enchant weapon {unknown}
 k - a scroll of teleportation
 l - a scroll of immolation {unknown}
 o - a scroll of torment {unknown}
Potions
 d - a potion of might
 e - a potion of brilliance {unknown}
 f - 2 potions of flight {unknown}
 g - 2 potions of curing {unknown}
 m - a potion of haste {unknown}
 p - a potion of degeneration {unknown}


   Skills:
 + Level 5.3 Fighting
 + Level 5.1 Axes
 + Level 4.8 Armour
 + Level 4.9 Shields


You had 5 spell levels left.
You didn't know any spells.
Your spell library contained the following spells:

 Spells                   Type           Power      Damage    Failure   Level
 Foxfire                  Conj/Fire      0%         2x1d4     99%         1
 Slow                     Hex            0%         N/A       99%         2
 Confusing Touch          Hex            0%         N/A       100%        3
 Conjure Flame            Conj/Fire      0%         6-21      100%        3
 Inner Flame              Hex/Fire       0%         N/A       100%        3
 Yara's Violent Unravell  Hex/Tmut       0%         3d3       100%        5


Dungeon Overview and Level Annotations

Branches:
Dungeon (4/15)
 Temple: D:4-7

Altars:
Cheibriados


Message History

The orc is severely wounded.
The orc misses you.
You hit the orc but do no damage.
The orc is severely wounded.
You block the orc's attack. The orc hits you with a +0 hand axe.
* * * LOW HITPOINT WARNING * * *
You hit the orc.
You kill the orc!
Something hits you.
* * * LOW HITPOINT WARNING * * *
Things that are here:
a +0 hand axe; a +0 ring mail You barely miss something.
Something hits you.
* * * LOW HITPOINT WARNING * * *
Something hits you.
* * * LOW HITPOINT WARNING * * *
The orc wizard casts a spell.
The orc wizard flickers and vanishes!
You hear some strange, mumbled words.
Something tries to affect you, but you resist.
A puff of flame appears from out of thin air!
The puff of flame hits you.
* * * LOW HITPOINT WARNING * * *
You are confused.
You bump into the rock wall.
You're too confused to move!
You bump into the rock wall.
You feel less confused.
You see here a +0 flail.
An orc wizard appears from thin air!
Reactivating autopickup.
The orc wizard casts a spell.
The orc wizard flickers and vanishes!
Deactivating autopickup; reactivate with Ctrl-A.
As you read the scroll labelled PITAGY TEORCH, it crumbles to dust.
You feel strangely unstable.
It was a scroll of teleportation.
You hear some strange, mumbled words.
A puff of flame appears from out of thin air!
The puff of flame hits you.
You die...

## ### ###.#######
#.####### #.....@{o)#
#.......# #.#..####o#
#.#####.# #..#
#.###.#####.#
#.#..####...........#
#...<...#o###.#########
######.#.#.............#
..........o.....#######'#
...####.#o#.#####........
####+#.#.#####.###....


You could see 2 orcs.

Vanquished Creatures
  A black bear (D:3)
  A jelly (D:4)
  An orc priest (D:3)
  An iron imp (D:3)
  Robin (D:3)
  7 adders
  A worm (D:2)
  2 dart slugs
  8 orcs
  2 bats
  8 endoplasms
  5 giant cockroaches
  12 hobgoblins
  6 jackals (D:2)
  2 quokkas (D:1)
  6 ball pythons
  5 frilled lizards
  19 goblins
  4 kobolds
  6 rats
98 creatures vanquished.

Vanquished Creatures (others)
  A plant (D:3)
1 creature vanquished.

Grand Total: 99 creatures vanquished

Notes
Turn   | Place    | Note
-------+----------+-------------------------------------------
     0 | D:1      | r3algoood the Hill Orc Fighter began the quest for the Orb.
     0 | D:1      | Reached XP level 1. HP: 19/19 MP: 1/1
    89 | D:1      | Reached XP level 2. HP: 15/27 MP: 2/2
   811 | D:1      | Reached XP level 3. HP: 33/33 MP: 3/3
  1487 | D:2      | Reached XP level 4. HP: 40/40 MP: 4/4
  2306 | D:3      | Noticed Robin
  2313 | D:3      | Reached XP level 5. HP: 27/45 MP: 5/5
  2337 | D:3      | Killed Robin
  2896 | D:3      | Noticed a black bear
  2906 | D:3      | Killed a black bear
  2907 | D:3      | Reached skill level 5 in Fighting
  2907 | D:3      | Reached XP level 6. HP: 17/56 MP: 6/6
  3384 | D:3      | Found a faded altar of an unknown god.
  4517 | D:3      | Found a snail-covered altar of Cheibriados.
  4525 | D:3      | Reached skill level 5 in Axes
  4933 | D:4      | HP: 1/56 [something/puff of flame (6)]
  4945 | D:4      | Killed from afar by an orc wizard

Illustrated notes

Levels and vault maps discovered:
D:1:      zaba_arrival_water, layout_basic, hangedman_feature_mirror
D:2:      layout_basic, minmay_pentomino_pile
D:3:      layout_basic, slow_altar_2, chequers_ecumenical_altar_simple_redux,
          saegor_snake_ambush, uniq_robin
D:4:      layout_basic

Skill      XL: |  1  2  3  4  5  6 |
---------------+-------------------+-----
Axes           | 3 4 5 |  5.1
Fighting       | 4 5 |  5.3
Armour         | 4 |  4.8
Shields        | 4 |  4.9

Action                   |  1- 3 |  4- 6 || total
-------------------------+-------+-------++-------
Melee: War axe           |   118 |   196 ||   314
  Use: Scroll            |       |     1 ||     1
Armor: Scale mail        |    55 |    96 ||   151
Dodge: Dodged            |    30 |    63 ||    93
Block: Kite shield       |    55 |   115 ||   170
